 Dungeon Crawl Stone Soup version 0.31-a0-1589-g8f5e8aebd6 (webtiles) character file.

Game seed: 10982746275136540374

107 CougarLife the Chopper (level 4, -4/41 HPs)
             Began as a Minotaur Fighter on Jan 6, 2024.
             Incinerated by a bombardier beetle (6 damage)
             ... with a burning spray
             ... on level 3 of the Dungeon.
             The game lasted 00:04:13 (1833 turns).

CougarLife the Chopper (Minotaur Fighter)           Turns: 1833, Time: 00:04:13

Health: -4/41      AC:  8    Str: 20    XL:     4   Next: 57%
Magic:  3/3        EV:  8    Int:  7    God:
Gold:   90         SH:  8    Dex: 10    Spells: 3/3 levels left

rFire   . . .        a - +0 war axe
rCold   . . .        g - +0 kite shield
rNeg    . . .        b - +0 scale mail
rPois   .            (helmet restricted)
rElec   .            (no cloak)
rCorr   .            i - +0 pair of gloves
SInv    .            (no boots)
Will    .....        (no amulet) Stlth
                     (no ring)
HPRegen 0.26/turn    (no ring)
MPRegen 0.08/turn

%: no passive effects
@: on fire, glowing
A: horns 2, retaliatory headbutt
a: no special abilities


You were on level 3 of the Dungeon.
You visited 1 branch of the dungeon, and saw 3 of its levels.

You collected 90 gold pieces.

Inventory:

Hand Weapons
 a - a +0 war axe (weapon)
Missiles
 h - 6 poisoned darts
 u - 4 boomerangs (quivered)
Armour
 b - a +0 scale mail (worn)
 g - a +0 kite shield (worn)
 i - a +0 pair of gloves (worn)
 r - a +2 tower shield
 s - a +0 plate armour
Jewellery
 p - a ring of fire
Scrolls
 e - a scroll of noise {unknown}
 f - 3 scrolls of teleportation {unknown}
 l - a scroll of torment {unknown}
 m - a scroll of enchant weapon {unknown}
 o - a scroll of revelation {unknown}
 q - a scroll of identify {unknown}
 t - 3 scrolls of amnesia {unknown}
Potions
 c - a potion of invisibility {unknown}
 d - 2 potions of might
 j - a potion of enlightenment {unknown}
 k - 2 potions of mutation {unknown}
 n - a potion of haste {unknown}


   Skills:
 + Level 4.6 Fighting
 * Level 4.6 Axes
 - Level 4.0 Armour
 - Level 4.0 Shields


You had 3 spell levels left.
You didn't know any spells.
Your spell library contained the following spells:

 Spells                   Type           Power      Damage    Failure   Level
 Shock                    Conj/Air       0%         1d3       97%         1
 Swiftness                Air            0%         N/A       100%        3
 Airstrike                Air            0%         2d(0-16)  100%        4
 Cause Fear               Hex            0%         N/A       100%        4
 Fireball                 Conj/Fire      0%         3d3       100%        5
 Haunt                    Necr/Summ      0%         N/A       100%        7
 Borgnjor's Revivificati  Necr           0%         N/A       100%        8
 Death's Door             Necr           0%         N/A       100%        9
 Dragon's Call            Summ           0%         N/A       100%        9


Dungeon Overview and Level Annotations

Branches:
Dungeon (3/15)

Altars:
Wu Jian


Innate Abilities, Weirdness & Mutations

You have a pair of horns on your head.
You reflexively headbutt those who attack you in melee.


Message History

Terence is heavily wounded.
You barely miss the bombardier beetle. The liquid fire burns you!
Terence hits you with a +0 flail! You block Terence's attack.
You hit Terence. Your headbutt misses Terence.
Terence is heavily wounded.
You closely miss the bombardier beetle. The liquid fire burns you!
Terence says, "Don't bother to defend, it's pointless."
Terence hits you with a +0 flail.
You block the bombardier beetle's attack.
You slash Terence!
You kill Terence!
You hit the bombardier beetle. The liquid fire burns you!
The bombardier beetle sprays incendiary fluid at you.
The burning spray misses you.
You closely miss the bombardier beetle. You headbutt the bombardier beetle.
The bombardier beetle is moderately wounded.
The liquid fire burns you!
* * * LOW HITPOINT WARNING * * *
The bombardier beetle sprays incendiary fluid at you.
The burning spray hits you.
You are even more covered in liquid fire!
You slash the bombardier beetle!
The bombardier beetle is severely wounded.
The liquid fire burns you!
* * * LOW HITPOINT WARNING * * *
The bombardier beetle sprays incendiary fluid at you.
The burning spray hits you.
You are even more covered in liquid fire!
You hit the bombardier beetle but do no damage.
The bombardier beetle is severely wounded.
The liquid fire burns you!
* * * LOW HITPOINT WARNING * * *
You block the bombardier beetle's attack.
You hit the bombardier beetle.
You kill the bombardier beetle!
The liquid fire burns you!
You die...

...........#..........
....#......###########
###.................. >
#####......#####.#.###..
.........####...........
.........# #...........
.........####...........
........................
..)......###....@)......
##########.....†........
# ######..#.........##
### #.......#...........
..# #.####.##.........##
..# #.# #.##.........#
).###.# #.##.........#
...##.####.#..........#
....>......# .......


There were no monsters in sight!

Vanquished Creatures
  A bombardier beetle (D:3)
  Terence (D:3)
  3 dart slugs
  2 ribbon worms
  6 ball pythons
  6 endoplasms
  5 giant cockroaches
  7 goblins
  5 hobgoblins
  8 jackals
  5 kobolds
  2 quokkas (D:2)
  8 bats
  3 frilled lizards (D:2)
  2 rats
64 creatures vanquished.

Notes
Turn   | Place    | Note
-------+----------+-------------------------------------------
     0 | D:1      | CougarLife the Minotaur Fighter began the quest for the
                  | Orb.
     0 | D:1      | Reached XP level 1. HP: 19/19 MP: 0/0
   141 | D:1      | Reached XP level 2. HP: 27/27 MP: 1/1
   590 | D:1      | Reached XP level 3. HP: 33/33 MP: 2/2
   719 | D:1      | Found a faded altar of an unknown god.
   854 | D:2      | Found an ornate altar of the Wu Jian Council.
  1067 | D:2      | Reached XP level 4. HP: 37/40 MP: 3/3
  1820 | D:3      | Noticed Terence
  1829 | D:3      | Killed Terence
  1832 | D:3      | HP: 2/41 [burnt (5)]
  1833 | D:3      | Incinerated by a bombardier beetle

Illustrated notes

Levels and vault maps discovered:
D:1:      roderic_octagonal_star, layout_loops_ring,
          shapermc_ecumenical_altar_hornbeckon
D:2:      layout_rooms, basic_altar, minmay_indecisive_spiral
D:3:      layout_basic, old_standard_altar, uniq_terence

Skill      XL: |  1  2  3 |
---------------+----------+-----
Armour         | 4 |  4.0
Shields        | 4 |  4.0
Axes           | 3 4 |  4.6
Fighting       | 4 |  4.6

Action                     |  1- 3 |  4- 6 || total
---------------------------+-------+-------++-------
  Melee: War axe           |    85 |    36 ||   121
         Headbutt          |     7 |     5 ||    12
 Armour: Scale mail        |    60 |    14 ||    74
  Dodge: Dodged            |    36 |    12 ||    48
  Block: Buckler           |     9 |       ||     9
         Kite shield       |    27 |    20 ||    47

Table legend: (Time is in decaauts)
 A = Elapsed time spent in this place.
 B = Non-inter-level travel time spent in this place.
 C = Inter-level travel time spent in this place.
 D = Time resting spent in this place.
 E = Time spent auto-exploring this place.
 F = Levels seen in this place.
 G = Mean time per level.
                   A        B        C        D        E       F      G
               +--------+--------+--------+--------+--------+-----+--------+
         Total |   1890 |   1727 |    163 |      0 |   1248 |   3 |  630.0 |
       Dungeon |   1890 |   1727 |    163 |      0 |   1248 |   3 |  630.0 |
               +--------+--------+--------+--------+--------+-----+--------+

Top non-repeatable levels by time:
     D:1: 846 daAuts
     D:2: 637 daAuts
     D:3: 406 daAuts
